[Event "GrandPrix_30.05"]
[Site "Chess.com"]
[Date "2020.05.30"]
[Round "7"]
[White "viktorskliarov"]
[Black "Gareth-Bale11"]
[Result "1/2-1/2"]
[WhiteElo "2245"]
[BlackElo "2415"]
[TimeControl "600+2"]
[EndTime "11:24:17 PDT"]
[Termination "Game drawn by repetition"]

1. e4 c5 2. Nf3 d6 3. d4 cxd4 4.
Qxd4 a6 5. Be3 Nc6 6. Qd2 Nf6 7. Nc3 Ng4 8. O-O-O Nxe3 9. Qxe3 e6 10. Kb1 Be7 11. h4 b5 12. e5 d5 13. Ne2 Bd7 14. Ned4 Na5 15. h5 h6 16. g4 Rc8 17. Rg1 Nc4 18. Bxc4 bxc4 19. g5 hxg5 20. Nxg5 c3 21. b3 Qa5 22.
Qf4 Qa3 23. Qxf7+ Kd8 24. Ndxe6+ Bxe6 25. Nxe6+ Kd7 26. Rxd5+ Kc6 27. Rc5+ Bxc5 28. Nd4+ Kb6 29. Rg6+ Ka5 30. b4+ Kxb4 31. Qb7+ Kc4 32. Qf7+ Kb4 33. Qb7+ Kc4 34. Qf7+ Kb4 1/2-1/2

[Event "GrandPrix_30.05"]
[Site "Chess.com"]
[Date "2020.05.30"]
[Round "7"]
[White "grzechu96"]
[Black "kotmizer"]
[Result "1-0"]
[WhiteElo "2401"]
[BlackElo "2208"]
[TimeControl "600+2"]
[EndTime "11:24:21 PDT"]
[Termination "grzechu96 won by resignation"]

1. e4 e5 2. Nf3 Nc6 3. Bc4 Nf6 4.
d3 Be7 5. O-O O-O 6. a4 d6 7. a5 a6 8. h3 Be6 9. Nbd2 h6 10. c3 d5 11. exd5 Nxd5 12. Re1 Bf6 13. Ne4 Be7 14. Ng3 Qd6 15. Qe2 Nf4 16. Bxf4 exf4 17.
Ne4 Qd7 18. Bxe6 Qxe6 19. d4 Rad8 20. Ned2 Qd7 21. Nc4 Rfe8 22. Nfe5 Nxe5 23. Nxe5 Qd5 24. Qf3 Qxf3 25. Nxf3 Bd6 26. b4 c6 27. Kf1 f6 28.
Rxe8+ Rxe8 29. Re1 Rd8 30. Ke2 Kf7 31. Nd2 g5 32.
Ne4 f5 33. Nxd6+ Rxd6 34. Kd3 Re6 35. Rxe6 Kxe6 36. f3 h5 37. c4 Kd6 38. c5+ Kd5 39. Kc3 g4 40. h4 Ke6 41. Kc4 Kf6 42. d5 Ke5 43. d6 Ke6 44. Kd4 1-0

[Event "GrandPrix_30.05"]
[Site "Chess.com"]
[Date "2020.05.30"]
[Round "7"]
[White "Grandelicious"]
[Black "ChessQueen"]
[Result "0-1"]
[WhiteElo "2522"]
[BlackElo "2414"]
[TimeControl "600+2"]
[EndTime "11:24:50 PDT"]
[Termination "ChessQueen won by resignation"]

1. Nf3 Nf6 2. g3 b6 3. Bg2 Bb7 4. O-O e6 5. d3 d5 6. b3 Be7 7.
Bb2 O-O 8. c4 c5 9. cxd5 Nxd5 10.
Nbd2 Nd7 11. Nc4 b5 12. Ncd2 Bf6 13. Bxf6 Qxf6 14. Ne4 Qe7 15. Rc1 Rac8 16. Qd2 b4 17.
Qg5 f6 18. Qh4 Kh8 19. Rc2 g5 20. Qh5 Rg8 21. Rfc1 Rg6 22. d4 Nf4 23. gxf4 Bxe4 24.
Rd2 gxf4 25. Kh1 Rcg8 26. Bh3 Qg7 27. Rdd1 Rh6 28. Qxh6 Qxh6 29. Bxe6 Qh5 30. Bxg8 Bxf3+ 31. exf3 Qxf3+ 32. Kg1 Kxg8 33. dxc5 Ne5 34. c6 Nxc6 35. Rd7 Qg4+ 0-1

[Event "GrandPrix_30.05"]
[Site "Chess.com"]
[Date "2020.05.30"]
[Round "7"]
[White "cantdefyme"]
[Black "SergeyVashchilov"]
[Result "0-1"]
[WhiteElo "1897"]
[BlackElo "2033"]
[TimeControl "600+2"]
[EndTime "11:24:53 PDT"]
[Termination "SergeyVashchilov won on time"]

1. e4 e6 2. d4 d5 3. Nc3 Bb4 4. e5 Qd7 5. a3 Bxc3+ 6. bxc3 b6 7. Qg4 f5 8. Qg3 Ba6 9. Bxa6 Nxa6 10. a4 Nb8 11. a5 Nc6 12. axb6 cxb6 13. Nh3 Nge7 14. Nf4 O-O 15. Ba3 Rf7 16. h4 Na5 17. h5 h6 18.
O-O Nc4 19. Bb4 a5 20. Rfd1 Rc8 21. Ba3 Rff8 22. Bxe7 Qxe7 23. Ng6 Qg5 24. Nxf8 Rxf8 25. Qxg5 hxg5 26. g3 Kh7 27. Kg2 Kh6 28. Rh1 Rc8 29.
g4 f4 30. Rhb1 Rc6 31. Rb5 Nd2 32. Ra3 Kh7 33. Ra2 Nc4 34. Kf3 Rc8 35. Ke2 g6 36.
Ra1 gxh5 37. gxh5 Kh6 38. Kf3 Kxh5 39. Rh1+ Kg6 40. Kg4 a4 41. Rh5 a3 42. Rxg5+ Kf7 0-1

[Event "GrandPrix_30.05"]
[Site "Chess.com"]
[Date "2020.05.30"]
[Round "7"]
[White "RitvarsReimanis"]
[Black "Nitzan_Steinberg"]
[Result "0-1"]
[WhiteElo "2184"]
[BlackElo "2431"]
[TimeControl "600+2"]
[EndTime "11:25:06 PDT"]
[Termination "Nitzan_Steinberg won by resignation"]

1. d4 d5 2. Nf3 Nf6 3. c4 c6 4. e3 Bf5 5. Nc3 e6 6. Nh4 Be4 7. f3 Bg6 8. Bd2 Be7 9. Qb3 Qc7 10. Nxg6 hxg6 11. O-O-O dxc4 12. Bxc4 a6 13. Be2 b5 14. Kb1 c5 15. dxc5 Nbd7 16. Qc2 Nxc5 17. h4 Rc8 18. Rc1 Qb7 19. g4 O-O 20. g5 Nh5 21. Rhg1 Rfd8 22.
Rcd1 b4 23. Na4 Nd3 24. Qb3 Nf2 25. Bc1 Nxd1 26. Bxd1 Qc6 27. Bc2 Qxf3 28. Nb6 Rc6 29.
Nc4 Qf2 30. Rd1 Rdc8 31. Bd3 Qxh4 32. Ne5 Rxc1+ 33. Rxc1 Rxc1+ 34. Kxc1 Qe1+ 35. Kc2 Qxe3 36. Nc4 Qf2+ 37. Kd1 Nf4 38. Qc2 Qg1+ 39. Kd2 Bxg5 40. Qa4 0-1

[Event "GrandPrix_30.05"]
[Site "Chess.com"]
[Date "2020.05.30"]
[Round "7"]
[White "Gurvich_Vitaly"]
[Black "bernereremit"]
[Result "1-0"]
[WhiteElo "2242"]
[BlackElo "2093"]
[TimeControl "600+2"]
[EndTime "11:25:11 PDT"]
[Termination "Gurvich_Vitaly won by resignation"]

1. e4 c5 2. Nf3 d6 3. d4 cxd4 4. Nxd4 Nf6 5. Nc3 a6 6. Nb3 e5 7. Bg5 Be7 8. Bxf6 Bxf6 9. Qd3 Be6 10. O-O-O Be7 11. g3 O-O 12. Kb1 Nd7 13. f4 b5 14.
f5 Bc4 15. Qf3 a5 16. Bxc4 bxc4 17. Nd2 Nb6 18. h4 a4 19. a3 h6 20. Qe2 Rc8 21. Nf1 Qc7 22. Ne3 Qb7 23. Ka2 Rb8 24. Rb1 Rfc8 25. g4 d5 26. Nexd5 Nxd5 27. Nxd5 Bc5 28. c3 Qb3+ 29. Ka1 Rd8 30. Qd1 Qb5 31. Qc2 Qa6 32.
g5 h5 33. Rbd1 Kf8 34. Rd2 Rb3 35. Rhd1 Rdb8 36. f6 g6 37. Nb4 Qb6 38. Nc6 Qxc6 39. Rd8+ Qe8 40. Rxe8+ Rxe8 41. Rd5 Be3 42. Qd1 Bf2 43.
Rd8 Rb8 44. Rxe8+ Rxe8 45. Qd6+ Kg8 46. Qe7 Rf8 47. Qxe5 Bxh4 48. Qf4 Be1 49. e5 Re8 50. Qxc4 h4 51. e6 Rxe6 52. Qc8+ Kh7 53. Qf8 1-0

[Event "GrandPrix_30.05"]
[Site "Chess.com"]
[Date "2020.05.30"]
[Round "7"]
[White "Lukianoo"]
[Black "Meri-Arabidze"]
[Result "1-0"]
[WhiteElo "2598"]
[BlackElo "2292"]
[TimeControl "600+2"]
[EndTime "11:25:19 PDT"]
[Termination "Lukianoo won by resignation"]

1. e4 c5 2. Nf3 e6 3. c3 Nf6 4. e5 Nd5 5. d4 cxd4 6. cxd4 Nc6 7. Bc4 d6 8. O-O Be7 9. Qe2 O-O 10. Rd1 Qc7 11. Bxd5 exd5 12. Nc3 Be6 13. Nb5 Qd7 14. Bf4 dxe5 15. dxe5 a6 16. Nc3 Rad8 17. Be3 h6 18. h3 b5 19. Rac1 Qb7 20. Nd4 Nxd4 21. Bxd4 Bg5 22. Be3 d4 23. Bxg5 hxg5 24. Ne4 g4 25.
hxg4 Bxa2 26. Nd6 Qd5 27. Nf5 Rde8 28. f4 Bc4 29. Qf2 d3 30. Rc3 Qe6 31. b3 Bxb3 32.
Rdxd3 Bd5 33. Qh4 f6 34. Rh3 Rd8 35. Qh7+ Kf7 36. Rc7+ Rd7 37. Qxg7+ Ke8 38. Rxd7 Qxd7 39. Nd6+ 1-0

[Event "GrandPrix_30.05"]
[Site "Chess.com"]
[Date "2020.05.30"]
[Round "7"]
[White "LuckyLuka04"]
[Black "ninullia"]
[Result "0-1"]
[WhiteElo "2149"]
[BlackElo "2289"]
[TimeControl "600+2"]
[EndTime "11:25:19 PDT"]
[Termination "ninullia won by resignation"]

1. d4 Nf6 2. Nf3 d5 3. Bf4 c5 4. e3 Nc6 5. Nbd2 Bg4 6. c3 e6 7.
Qb3 Qc8 8. h3 Bh5 9. Ne5 Nxe5 10.
dxe5 c4 11. Qa4+ Nd7 12. e4 Be7 13. exd5 exd5 14. g4 Bg6 15. Bg2 O-O 16. O-O Nc5 17.
Qd1 Nd3 18. Bg3 Nxb2 19. Qf3 Rd8 20. h4 Qe6 21. Bh3 b5 22. Qg2 Bd3 23. Rfe1 b4 24. Nf3 bxc3 25. g5 Qb6 26. e6 Be4 27. exf7+ Kh8 28.
Be5 Nd3 29. Bxc3 Bc5 30. Reb1 Bxf2+ 31. Kh1 Qe3 32. Bg4 Nf4 33. h5 Nxg2 34. h6 Qxc3 0-1

[Event "GrandPrix_30.05"]
[Site "Chess.com"]
[Date "2020.05.30"]
[Round "7"]
[White "Kiril1965"]
[Black "Firegrizzly"]
[Result "1-0"]
[WhiteElo "2452"]
[BlackElo "2213"]
[TimeControl "600+2"]
[EndTime "11:25:20 PDT"]
[Termination "Kiril1965 won by resignation"]

1. e4 c5 2. Nf3 d6 3. Bb5+ Nd7 4. c3 Nf6 5. Qe2 a6 6. Ba4 b5 7. Bc2 e5 8. a4 Rb8 9. d4 Be7 10. O-O Qc7 11. Na3 c4 12. Bg5 O-O 13. Rfd1 h6 14. Bh4 Re8 15. Qe1 Nf8 16. axb5 axb5 17. b4 Bg4 18. Qe3 Ng6 19. Bg3 Bd7 20. Nb1 Bf8 21. Nbd2 Ra8 22. h3 Nh5 23. Nf1 Ngf4 24. Bh2 g5 25. Ng3 Bg7 26. Rxa8 Rxa8 27. Nxh5 Nxh5 28. dxe5 dxe5 29. Qc5 Qxc5 30. bxc5 Be6 31. Bxe5 Bxe5 32. Nxe5 Nf4 33. Kf1 Ra3 34. g3 Bxh3+ 35. Ke1 Ne6 36.
Rd5 Rxc3 37. Kd2 b4 38. c6 Bg2 39. Rd7 Ra3 40. Nxc4 Rc3 41. Ne3 Bf3 42. Nd5 Rxc2+ 43. Kxc2 Nd4+ 44. Kd3 Nxc6 45. Ke3 Bg2 46. Ne7+ Nxe7 47.
Rxe7 h5 48. Re5 f6 49. Rb5 h4 50. gxh4 gxh4 51. f3 h3 52. Kf2 Kf7 53. Rxb4 f5 54. e5 Ke6 55. f4 Ke7 56. Kg3 Ke6 57. Rd4 Bf1 58. Rd6+ Ke7 59. Rf6 Bd3 60. Kxh3 1-0

[Event "GrandPrix_30.05"]
[Site "Chess.com"]
[Date "2020.05.30"]
[Round "7"]
[White "dosto07"]
[Black "AliKa2810"]
[Result "0-1"]
[WhiteElo "1780"]
[BlackElo "2076"]
[TimeControl "600+2"]
[EndTime "11:25:23 PDT"]
[Termination "AliKa2810 won on time"]

1. e4 e5 2. Nf3 Nf6 3. Nxe5 d6 4.
Nf3 Nxe4 5. d4 d5 6. Bd3 Bd6 7.
O-O O-O 8. c4 c6 9. Re1 Bf5 10.
Qc2 Na6 11. a3 Bg6 12. b4 f5 13. Ne5 Bxe5 14. dxe5 Qh4 15. g3 Qe7 16. Nd2 Qxe5 17. Bb2 Qd6 18. Rad1 Bh5 19. Rc1 Rae8 20. cxd5 cxd5 21.
Bd4 Qh6 22. Nf1 Ng5 23. Nd2 f4 24. Bf1 Bg4 25. h4 fxg3 26. fxg3 Qd6 27. Kh2 Nf3+ 28. Nxf3 Bxf3 29. Qd2 h6 30. Bb5 Rxe1 31. Rxe1 Be4 32. Rf1 Nc7 33. Be2 Rxf1 34. Bxf1 b6 35. Qf2 Ne6 36. Bh3 Nxd4 37. Qxd4 Qc6 38. Bf1 Qc2+ 39. Kg1 Qb3 0-1

[Event "GrandPrix_30.05"]
[Site "Chess.com"]
[Date "2020.05.30"]
[Round "7"]
[White "kostasam18"]
[Black "cukus"]
[Result "0-1"]
[WhiteElo "2092"]
[BlackElo "2207"]
[TimeControl "600+2"]
[EndTime "11:25:26 PDT"]
[Termination "cukus won by resignation"]

1. e4 c6 2. Nc3 d5 3. Nf3 dxe4 4. Nxe4 Nf6 5. Qe2 Nxe4 6. Qxe4 Qa5 7. Bd3 Na6 8. Qe2 Nb4 9. O-O Nxd3 10. Qxd3 Bf5 11. Qb3 Qb6 12. d3 Qxb3 13. axb3 e6 14. Be3 a6 15. Bb6 Bd6 16. Nh4 Bg4 17. h3 Bh5 18. g4 Bg6 19. f4 Be7 20. Nxg6 hxg6 21. Kg2 Kd7 22. Ra4 c5 23. d4 Kc6 24. Bxc5 b5 25.
Raa1 Bxc5 26. dxc5 Kxc5 27. Rad1 Rad8 28. Kg3 a5 29. Rfe1 Kc6 30. h4 a4 31. b4 Rd5 32.
Rxd5 Kxd5 33. g5 Kd6 34. Re5 Kc6 35. c4 bxc4 36. Rc5+ Kb6 37. Rxc4 Rd8 38. Rc5 Rd4 39. Ra5 Rxb4 40. Ra8 Kc5 41. Kf3 Rb3+ 42. Ke4 Rb4+ 43.
Ke3 Kc4 44. Ra7 Kb3 45. Rxf7 Kxb2 46. Rxg7 a3 47. Rd7 a2 48. Rd2+ Ka3 49. Rd3+ Rb3 0-1

[Event "GrandPrix_30.05"]
[Site "Chess.com"]
[Date "2020.05.30"]
[Round "7"]
[White "BlackBoarder"]
[Black "lilleper1"]
[Result "1-0"]
[WhiteElo "2230"]
[BlackElo "2352"]
[TimeControl "600+2"]
[EndTime "11:25:39 PDT"]
[Termination "BlackBoarder won by resignation"]

1. e4 c5 2. Nf3 d6 3. c3 Nf6 4. h3 g6 5. Bd3 Bg7 6. Bc2 O-O 7. O-O Nc6 8. d4 cxd4 9. cxd4 Nb4 10. Bb3 Bd7 11.
Nc3 Nc6 12. Re1 e5 13. Be3 exd4 14. Nxd4 Nxd4 15. Qxd4 Bc6 16. Qd3 Re8 17. Bf4 Qb6 18. Bxd6 Rad8 19. e5 Nh5 20. Nd5 Qa5 21. Rad1 Rxd6 22.
Ne7+ Rxe7 23. Qxd6 Re8 24. e6 Kh8 25. e7 Qg5 26.
Bd5 Nf4 27. Bxc6 bxc6 28. Qxc6 Bf8 29. h4 Qg4 30. exf8=Q+ Rxf8 31. Qf3 Qxh4 32. g3 Nh3+ 33. Kg2 Qh6 34. Rh1 1-0

[Event "GrandPrix_30.05"]
[Site "Chess.com"]
[Date "2020.05.30"]
[Round "7"]
[White "ZEN-22"]
[Black "HElissalt"]
[Result "0-1"]
[WhiteElo "2116"]
[BlackElo "2088"]
[TimeControl "600+2"]
[EndTime "11:25:41 PDT"]
[Termination "HElissalt won by resignation"]

1. d4 f5 2. g4 fxg4 3. h3 g3 4. fxg3 Nf6 5. Nc3 d5 6. Nf3 Nc6 7. Bf4 Bf5 8. Nb5 Rc8 9. g4 Be4 10.
Bg2 e6 11. Qd2 Bb4 12. c3 Be7 13. a4 a6 14. Na3 Bd6 15. O-O O-O 16. Ne5 Bxe5 17.
dxe5 Bxg2 18. Kxg2 Ne4 19. Qe3 Qe7 20. b4 Rf7 21.
Nc2 Rcf8 22. Bh2 Rxf1 23. Rxf1 Rxf1 24. Kxf1 Qf7+ 25. Kg2 Qg6 26. Ne1 h5 27. Qf3 hxg4 28. hxg4 Ne7 29. Bf4 Nf5 30. Kf1 Nh6 31. Bxh6 Qxh6 32.
Kg2 Qd2 33. Nd3 Nxc3 34. Nf4 Qd4 35. Nxe6 Qxe5 36. Nf4 Qe4 37. Kf1 Qxf3+ 38. exf3 c6 39. Ne6 Nxa4 40. Nd8 Nc3 41. Nxb7 Na2 42. Ke2 Nxb4 43.
Ke3 Kf7 44. Kd4 Ke6 45. Kc5 Nd3+ 46. Kxc6 Ne5+ 47. Kb6 Nxf3 48. Kxa6 d4 49. Kb5 Kd5 50. Kb4 Ke4 51. Nc5+ Ke3 52. Kb3 d3 53. Kc3 d2 54.
Kc2 Ke2 0-1

[Event "GrandPrix_30.05"]
[Site "Chess.com"]
[Date "2020.05.30"]
[Round "7"]
[White "tianachess"]
[Black "chessdjw"]
[Result "0-1"]
[WhiteElo "2003"]
[BlackElo "2162"]
[TimeControl "600+2"]
[EndTime "11:25:55 PDT"]
[Termination "chessdjw won by resignation"]

1. d4 Nf6 2. Nf3 g6 3. g3 Bg7 4. Bg2 O-O 5. O-O c6 6. c4 Ne4 7. Nc3 Nxc3 8. bxc3 d6 9. e4 Nd7 10. Be3 e5 11. dxe5 dxe5 12. c5 Re8 13. Nd2 Bf8 14.
Nb3 Qc7 15. f4 b6 16. cxb6 axb6 17. f5 Ba6 18. Rf2 Bc4 19. Nd2 Ba6 20. fxg6 hxg6 21. Qf3 Nc5 22. Bf1 Nd3 23. Bxd3 Bxd3 24. Bxb6 Qxb6 25. Qxd3 Bc5 26. Rf1 Rxa2 27. Kg2 Bxf2 28.
Rxf2 Rd8 29. Qc4 Ra7 30. Nf3 Re8 31. Rd2 Kg7 32. h4 Qb5 33. Qxb5 cxb5 34. Rd5 f6 35. Rxb5 Rc8 36. Rb3 Rac7 37. g4 Rxc3 38. Rb7+ R8c7 39. Rb6 Re3 40. g5 Rc2+ 41. Kg3 fxg5 42. hxg5 Rcc3 43. Rf6 Rxe4 44. Kf2 Rf4 45. Rxf4 exf4 0-1

[Event "GrandPrix_30.05"]
[Site "Chess.com"]
[Date "2020.05.30"]
[Round "7"]
[White "Martin_Petrov2000"]
[Black "GMMarcinDziuba"]
[Result "1-0"]
[WhiteElo "2360"]
[BlackElo "2513"]
[TimeControl "600+2"]
[EndTime "11:25:58 PDT"]
[Termination "Martin_Petrov2000 won by resignation"]

1. e4 c5 2. Nf3 d6 3. d4 cxd4 4. Nxd4 Nf6 5. Nc3 a6 6. Be3 e5 7. Nb3 Be7 8. h3 b5 9. Qd2 Bb7 10. O-O-O Nxe4 11. Nxe4 Bxe4 12. f4 Nc6 13. Bd3 Bxd3 14.
Qxd3 O-O 15. Kb1 Qc7 16. h4 Rad8 17. h5 h6 18. g4 exf4 19. Bxf4 Ne5 20. Qd2 Nf3 21. Qd3 Ne5 22. Qd2 Nc4 23. Qc1 Bf6 24.
Nd4 Bxd4 25. Rxd4 f6 26. Rhd1 Qc6 27. Rd5 Rfe8 28. Bxh6 gxh6 29. Qxh6 Qxd5 30. Qg6+ Kf8 31. Qh6+ Kf7 32. Qg6+ Ke6 33. Rxd5 Kxd5 34. a3 Ne5 35. Qxf6 Rf8 36. Qg5 Kc6 37. h6 Rg8 38. Qe7 Nxg4 39. h7 Rge8 40. Qa7 Ne5 41. Qxa6+ Kc5 42. b4+ Kc4 43. Kb2 Rd7 44. a4 Kd5 45. Qxb5+ Ke6 46. c4 Rxh7 47. Qxe8+ Re7 48. Qc8+ Kf6 49. Kb3 Nf3 50.
Qf8+ Rf7 51. Qxd6+ Kf5 52. a5 Ne5 53. a6 Ke4 54.
Qd5+ Kf4 55. a7 1-0

[Event "GrandPrix_30.05"]
[Site "Chess.com"]
[Date "2020.05.30"]
[Round "7"]
[White "Sam_ChessMood"]
[Black "Matibar"]
[Result "1/2-1/2"]
[WhiteElo "2578"]
[BlackElo "2602"]
[TimeControl "600+2"]
[EndTime "11:26:11 PDT"]
[Termination "Game drawn by agreement"]

1. e4 e5 2. Nf3 Nc6 3. Bb5 a6 4. Ba4 Nf6 5. O-O b5 6. Bb3 Bb7 7. d3 Be7 8. c4 d6 9. Nc3 Nd4 10. Nxd4 exd4 11. Nd5 Nxd5 12. cxd5 O-O 13. f4 f5 14. e5 Kh8 15. e6 c5 16. dxc6 Bxc6 17. Bd2 Qb6 18. Rc1 Rac8 19. Qe2 a5 20. a3 a4 21. Ba2 Qb7 22. Qf2 Bd5 23. Bxd5 Qxd5 24.
Qe2 g6 25. Bb4 Kg7 26. Rce1 Rfe8 27. Qf3 Qxf3 28. Rxf3 Rc2 29. Rf2 Rec8 30. Ree2 Rc1+ 31. Rf1 Rxf1+ 32. Kxf1 Rc1+ 33. Kf2 Kf6 34. Re1 Rxe1 35.
Kxe1 Kxe6 36. Ke2 Bd8 37. Kf3 Bb6 38. h4 Bc5 39. g3 Kf6 40. Kg2 Kg7 41. Kh3 Kh6 42.
g4 Kg7 43. g5 Bxb4 44. axb4 Kf7 45. Kg3 1/2-1/2

[Event "GrandPrix_30.05"]
[Site "Chess.com"]
[Date "2020.05.30"]
[Round "7"]
[White "Haapana"]
[Black "Chessbuster123"]
[Result "1-0"]
[WhiteElo "2338"]
[BlackElo "1936"]
[TimeControl "600+2"]
[EndTime "11:26:11 PDT"]
[Termination "Haapana won by resignation"]

1. d4 Nf6 2. c4 e6 3. Nf3 b6 4. g3 Ba6 5. Nbd2 Bb4 6. Qc2 O-O 7. Bg2 d5 8. Ne5 c5 9. dxc5 bxc5 10. O-O Nfd7 11. Ndf3 Nxe5 12. Nxe5 f6 13. cxd5 exd5 14. Nd3 Kh8 15. a3 Ba5 16. Nxc5 Bb6 17. Ne6 Qc8 18.
Qxc8 Rxc8 19. Bxd5 Nc6 20. Bf4 Bb7 21. Rfd1 a5 22. Rac1 a4 23. Nc5 Bxc5 24. Rxc5 Na5 25. Rxa5 Rxa5 26. Bxb7 Rf8 27. Rd7 Rb5 28. Bd6 Rg8 29.
Bb4 Rb6 30. e3 h5 31. h4 Kh7 32. Be4+ Kh6 33. Bc2 Ra8 34. Rc7 Raa6 35. Rc4 Ra8 36. Bc3 Rba6 37. Kg2 g6 38. f3 R8a7 39. e4 Kg7 40. f4 Kf7 41. Kf3 Ke6 42. Ke3 Kf7 43. Bd4 Ra8 44. Rc7+ Ke6 45. Bd3 Ra5 46. Bc4+ Kd6 47.
Rf7 1-0

[Event "GrandPrix_30.05"]
[Site "Chess.com"]
[Date "2020.05.30"]
[Round "7"]
[White "Tesla37"]
[Black "Micki-taryan"]
[Result "1-0"]
[WhiteElo "2762"]
[BlackElo "2509"]
[TimeControl "600+2"]
[EndTime "11:26:15 PDT"]
[Termination "Tesla37 won by resignation"]

1. e4 e5 2. Nf3 Nc6 3. g3 Nf6 4. d3 g6 5. Bg2 Bg7 6. O-O d5 7. exd5 Nxd5 8. Re1 O-O 9. Bg5 f6 10. Bd2 Nde7 11. Nc3 Bg4 12. h3 Be6 13. Ne4 b6 14. Kh2 Qd7 15. Qc1 Nf5 16. b4 a5 17. a3 axb4 18.
axb4 Rxa1 19. Qxa1 Ncd4 20. Nxd4 Nxd4 21. Qd1 Bd5 22. c3 Ne6 23. Qf3 c6 24. c4 Nd4 25.
Qd1 Be6 26. Be3 Rd8 27. c5 b5 28. f4 Bb3 29. Qb1 Be6 30. fxe5 fxe5 31. Rf1 Nf5 32.
Bg5 Rf8 33. g4 h6 34. Bd2 Nh4 35. Rxf8+ Kxf8 36. Qf1+ Ke7 37. Bxh6 Bxh6 38. Qf6+ Ke8 39. Qh8+ Ke7 40. Qf6+ Ke8 41. Nd6+ Qxd6 42. cxd6 Bf4+ 43. Kh1 1-0

[Event "GrandPrix_30.05"]
[Site "Chess.com"]
[Date "2020.05.30"]
[Round "7"]
[White "Mesropov_Konstantin"]
[Black "Korchmar_Vasiliy"]
[Result "0-1"]
[WhiteElo "2229"]
[BlackElo "2141"]
[TimeControl "600+2"]
[EndTime "11:26:16 PDT"]
[Termination "Korchmar_Vasiliy won by resignation"]

1. d4 Nf6 2. Bg5 c5 3. Bxf6 gxf6 4. d5 Qb6 5. Qc1 f5 6. c4 d6 7. Nc3 Nd7 8. Qc2 Nf6 9. e3 Bd7 10. Bd3 Rg8 11. g3 e6 12. Nge2 h5 13. a3 Bh6 14. Rb1 a5 15. e4 fxe4 16. Nxe4 Nxe4 17. Bxe4 h4 18. Nc3 O-O-O 19. O-O hxg3 20. hxg3 Bf4 21. Na4 Bxa4 22. Qxa4 Rg7 23. dxe6 fxe6 24. Rbd1 Rdg8 25. Qc2 Be5 26. b3 Qc7 27. Rd3 Qe7 28. Kg2 Qh4 29. Rf3 Bxg3 30. Rh1 Bxf2+ 0-1

[Event "GrandPrix_30.05"]
[Site "Chess.com"]
[Date "2020.05.30"]
[Round "7"]
[White "arminmusovic"]
[Black "temus_galaktionov"]
[Result "0-1"]
[WhiteElo "2299"]
[BlackElo "2573"]
[TimeControl "600+2"]
[EndTime "11:26:39 PDT"]
[Termination "temus_galaktionov won on time"]

1. a3 c6 2. Nc3 g6 3. e4 Bg7 4. d4 d6 5. Bg5 Nd7 6. f4 Qb6 7. Nf3 e5 8. fxe5 dxe5 9. d5 h6 10. Bh4 Ngf6 11. Bf2 Qc7 12. Bc4 cxd5 13. Nb5 Qb8 14.
Bxd5 O-O 15. O-O a6 16. Nc3 Ng4 17. Kh1 Nxf2+ 18. Rxf2 Nf6 19. Rd2 Qc7 20. Qe1 Rb8 21. Bb3 b5 22. Qg3 Kh7 23. Rad1 a5 24. Nd5 Nxd5 25.
Bxd5 b4 26. axb4 axb4 27. Qh4 Kg8 28. Bb3 Qc5 29. Rd6 Rb6 30. R6d5 Qc7 31. Rd8 Be6 32. Rxf8+ Bxf8 33. Bxe6 Rxe6 34. Qf2 Rc6 35. Rd2 Rc4 36.
Qe2 Bg7 37. b3 Rc5 38. Qd3 Bf6 39. h3 Kg7 40. Kh2 Rc3 41. Qe2 Qc5 42. Kh1 Qe3 43. Ne1 Bg5 44. Nf3 Bf4 45. Qb5 Qxe4 46. Re2 Qf5 47. Nxe5 Rxc2 48. Re1 Bg3 49. Rf1 Qxe5 50. Qd7 Qf4 51. Qd3 Rc1 0-1

[Event "GrandPrix_30.05"]
[Site "Chess.com"]
[Date "2020.05.30"]
[Round "7"]
[White "MAS_1704"]
[Black "esskeettit"]
[Result "1-0"]
[WhiteElo "2082"]
[BlackElo "2063"]
[TimeControl "600+2"]
[EndTime "11:26:45 PDT"]
[Termination "MAS_1704 won by resignation"]

1. d4 Nf6 2. Nf3 e6 3. Bf4 d5 4. e3 c5 5. c3 Nc6 6. Nbd2 Bd6 7. Bg3 O-O 8. Bd3 b6 9. Ne5 Bb7 10. f4 Ne7 11. Bh4 Ne4 12. Nxe4 dxe4 13. Bc4 Qc7 14. Qe2 Bd5 15. Bb3 f6 16. Nc4 Nf5 17. Bf2 Be7 18. Nd2 Nd6 19. O-O Rfd8 20. Rac1 Rac8 21. g4 Qb7 22.
Bg3 Nf7 23. f5 exf5 24. c4 Bc6 25. d5 Bd7 26. gxf5 Bd6 27. Nxe4 Bxg3 28. Nxg3 Re8 29. e4 Re5 30. Qg2 Nd6 31. Nh5 Be8 32. Nxf6+ Kh8 33. Ng4 Rxe4 34. Qg3 Bh5 35. Qxd6 Rxg4+ 36. Kh1 Qf7 37.
Qe6 Re8 38. Qxf7 Bxf7 39. Rce1 Rf8 40. h3 Rg5 41. f6 gxf6 42. Re7 Bg6 43. d6 Rg3 44. d7 Rxh3+ 45. Kg2 Rh5 46. Rd1 Rd8 47. Ba4 Re5 48. Re1 Rxe1 49. Rxe1 Kg7 50. Re8 Bxe8 51. dxe8=Q Rxe8 52. Bxe8 f5 53. Kf3 Kf6 54. Kf4 Ke7 55.
Bh5 a6 56. Kxf5 b5 57. Ke5 bxc4 58. Kd5 Kd7 59. Kxc5 Kc7 1-0

[Event "GrandPrix_30.05"]
[Site "Chess.com"]
[Date "2020.05.30"]
[Round "7"]
[White "IwkooO"]
[Black "Pash2015"]
[Result "0-1"]
[WhiteElo "2315"]
[BlackElo "2237"]
[TimeControl "600+2"]
[EndTime "11:26:47 PDT"]
[Termination "Pash2015 won by resignation"]

1. e4 c5 2. Nf3 a6 3. c4 Nc6 4. d4 cxd4 5. Nxd4 e5 6. Nf5 d6 7. Ne3 Nf6 8. Nc3 Be7 9. Be2 O-O 10. O-O Be6 11. Ned5 Bxd5 12. cxd5 Nd4 13. Be3 Nxe2+ 14. Qxe2 Rc8 15. a4 h6 16. f3 Nd7 17. a5 Bg5 18. Bf2 Nc5 19. Ra3 Qe7 20. b4 Nd7 21. b5 Nc5 22. Na4 Nxa4 23. Rxa4 axb5 24. Qxb5 Rc7 25.
Rb4 Rfc8 26. Rb2 Bc1 27. Rb3 g6 28. g3 h5 29. Kg2 h4 30. Re1 Bd2 31. Re2 Qg5 32.
Rb2 Bc1 33. Ra2 hxg3 34. hxg3 Kg7 35. Qb6 Rd7 36. Rac2 Rh8 37. Bg1 Bf4 38. Qf2 Rdd8 39. Rc7 Ra8 40. Rb2 Rxa5 41. Rbxb7 Rf8 42. Bh2 Ra3 43.
Ra7 Be3 44. Rxa3 Bxf2 45. Kxf2 Rb8 46. Rc2 Rb1 47. Kg2 Rc1 48. Raa2 f5 49. exf5 gxf5 50. Bg1 e4 51. Bd4+ Kg6 52. Rc6 exf3+ 53. Kf2 Kh5 54. Be3 Rf1+ 55. Kxf1 Qxe3 56. Ra8 Qe2+ 0-1

[Event "GrandPrix_30.05"]
[Site "Chess.com"]
[Date "2020.05.30"]
[Round "7"]
[White "zuagroasta"]
[Black "BairaKovanova"]
[Result "0-1"]
[WhiteElo "1932"]
[BlackElo "2153"]
[TimeControl "600+2"]
[EndTime "11:26:54 PDT"]
[Termination "BairaKovanova won by resignation"]

1. d4 Nf6 2. Bg5 e6 3. Nd2 h6 4. Bh4 Be7 5. e4 d5 6. e5 Nfd7 7. Bxe7 Qxe7 8. f4 b6 9. g3 Bb7 10. Ngf3 c5 11. c3 Nc6 12. Kf2 g5 13. Bh3 Rg8 14.
fxg5 hxg5 15. Bg4 O-O-O 16. Re1 Kb8 17. Qa4 Rde8 18. b4 cxb4 19. c4 dxc4 20. Nxc4 Nxd4 21. Nxd4 Qc5 22. Qxd7 Rd8 23. Qb5 Qxd4+ 24. Ne3 Rh8 25. h3 f5 26. exf6 Qxf6+ 27. Kg1 Rd2 28. Qf1 Qd4 29. Rad1 Rxd1 30. Bxd1 g4 31. Bxg4 Rd8 32. Qf4+ e5 33. Qe4 Qxe4 0-1

[Event "GrandPrix_30.05"]
[Site "Chess.com"]
[Date "2020.05.30"]
[Round "7"]
[White "EvgenyPigusov"]
[Black "VerdeNotte"]
[Result "1-0"]
[WhiteElo "2343"]
[BlackElo "2540"]
[TimeControl "600+2"]
[EndTime "11:26:57 PDT"]
[Termination "EvgenyPigusov won by resignation"]

1. Nf3 g6 2. c4 Bg7 3. d4 Nf6 4.
g3 O-O 5. Bg2 d6 6. Nc3 Nc6 7. O-O a6 8. e3 Rb8 9. Qe2 e6 10. Rd1 Ne7 11. e4 Nd7 12. e5 dxe5 13. dxe5 b6 14. Ne4 Qe8 15. Bg5 h6 16. Bxh6 f5 17.
Bxg7 fxe4 18. Ng5 Kxg7 19. Nxe6+ Kg8 20. Nxc7 Qd8 21. Ne6 Qe8 22. Nxf8 Nxf8 23. Bxe4 Be6 24. b3 Qf7 25. Rac1 Nd7 26. f4 Nc5 27. Bf3 a5 28.
Rd2 Kg7 29. Rcd1 a4 30. Qe3 Nf5 31. Qc3 axb3 32. axb3 b5 33. cxb5 Nxb3 34. Rd7 Ne7 35. Rc7 Rxb5 36. Rdd7 Bxd7 37. e6+ Qf6 38. Qxf6+ Kxf6 39. exd7 Rb8 40. Rb7 Rd8 41. Rb6+ Kg7 42. Rxb3 Rxd7 43.
Rb7 Rxb7 44. Bxb7 Kf6 45. h4 Nf5 46. Kg2 Nd6 47. Ba6 Nf5 48. Bd3 Nd4 49. Kf2 Ne6 50. Ke3 Ng7 51. g4 Ne6 52. Bc4 Nc5 53. Kd4 Nd7 54.
Bd3 Nb6 55. Be4 Nc8 56. Kc5 Ne7 57. g5+ Kf7 58. Kd6 Nc8+ 59. Kc7 Ne7 60. Kd7 Kf8 61.
Ke6 Ke8 62. Kf6 Kf8 63. Bxg6 Nd5+ 64. Ke5 Ne3 65. Bd3 Kg7 66. h5 Ng4+ 67. Kf5 Ne3+ 68. Ke4 Nd1 69. h6+ Kf7 70. f5 Nf2+ 71. Kd4 Nh3 72. g6+ Kf6 73. g7 1-0